 Dungeon Crawl Stone Soup version 0.27-a0-1512-g99fd57bada (webtiles) character file.

Game seed: 11949979500108006364

2125 PentaManta the Ducker (level 9, -13/61 HPs)
             Began as an Octopode Transmuter on July 9, 2021.
             Was an Initiate of Makhleb.
             Mangled by a shadow (24 damage)
             ... on level 10 of the Dungeon.
             The game lasted 00:25:50 (13118 turns).

PentaManta the Ducker (Octopode Transmuter)        Turns: 13118, Time: 00:25:50

Health: -13/61     AC:  2    Str: 10    XL:     9   Next: 29%
Magic:  11/16      EV: 24    Int: 15    God:    Makhleb [......]
Gold:   333        SH:  0    Dex: 20    Spells: 9/18 levels left

rFire    . . .     SeeInvis .     - Unarmed
rCold    . . .     Faith    .   (shield currently unavailable)
rNeg     . . .     Spirit   .   (helmet currently unavailable)
rPois    x         Reflect  .   (no amulet)
rElec    .         Harm     .   (no ring)
rCorr    .         Rampage  .   (no ring)
Will     .....                  (no ring)
Stlth    ++........             (no ring)
HPRegen  0.20/turn              (no ring)
MPRegen  0.15/turn              (no ring)
                                (no ring)
                                (no ring)

@: spider-form (expiring), wereblooded, studying Staves
A: venomous fangs, almost no armour, (amphibious), 8 rings, tiny, (camouflage
1), (gelatinous body 1), (nimble swimmer 1), (tentacles)
a: End Transformation, Renounce Religion


You were on level 10 of the Dungeon.
You worshipped Makhleb.
Makhleb was noncommittal.
You were a venomous arachnid creature.
You visited 2 branches of the dungeon, and saw 11 of its levels.

You collected 512 gold pieces.
You spent 179 gold pieces at shops.

Inventory:

Hand Weapons
 g - a +0 hunting sling
 m - a +2 hand axe of venom
 y - the +8 flail of Infection {vorpal, Int+3 SInv}
   (You found it on level 7 of the Dungeon)

   It inflicts extra damage upon your enemies.
   Int:       It affects your intelligence (+3).
   SInv:      It lets you see invisible.
Missiles
 b - 22 poisoned darts
 h - 352 stones
 i - 2 boomerangs
 u - a curare-tipped dart
 x - 2 throwing nets
Jewellery
 c - a ring of willpower
 k - a ring of positive energy
 v - an amulet of regeneration
Wands
 q - a wand of polymorph (8)
 s - a wand of paralysis (1)
Scrolls
 a - 6 scrolls of teleportation
 r - a scroll of magic mapping
 w - a scroll of fear
 z - a scroll of amnesia
Potions
 d - 2 potions of attraction
 e - 2 potions of haste {unknown}
 f - 2 potions of curing
 j - a potion of flight {unknown}
 l - 2 potions of invisibility {unknown}
 n - a potion of resistance {unknown}
 o - 2 potions of brilliance {unknown}
 p - a potion of mutation {unknown}
 t - a potion of degeneration {unknown}


   Skills:
 * Level 5.0 Fighting
 * Level 6.2 Dodging
 + Level 5.5 Unarmed Combat
 - Level 5.0 Spellcasting
 - Level 5.0 Transmutations
 - Level 4.0 Poison Magic


You had 9 spell levels left.
You knew the following spells:

 Your Spells              Type           Power      Damage    Failure   Level
a - Ice Form              Ice/Tmut       11%        N/A       71%         4
b - Wereblood             Tmut           18%        N/A       11%         2
c - Spider Form           Tmut/Pois      8%         N/A       21%         3

Your spell library contained the following spells:

 Spells                   Type           Power      Damage    Failure   Level
 Beastly Appendage        Tmut           36%        N/A       8%          1
 Apportation              Tloc           6%         N/A       34%         1
 Call Canine Familiar     Summ           3%         N/A       65%         3
 Portal Projectile        Hex/Tloc       6%         N/A       65%         3
 Alistair's Intoxication  Tmut/Pois      11%        N/A       77%         5
 Leda's Liquefaction      Hex/Erth       1%         N/A       95%         4
 Invisibility             Hex            1%         N/A       100%        6


Dungeon Overview and Level Annotations

Branches:
Dungeon (10/15)            Temple (1/1) D:7
   Lair: D:8-11         Orc: D:9-12

Altars:
Cheibriados
Dithmenos
Elyvilon
Fedhas
Gozag
Kikubaaqudgha
Makhleb
Nemelex Xobeh
Okawaru
Qazlal
Ru
Trog
Uskayaw
Wu Jian
Xom
Yredelemnul
Zin
The Shining One

Shops:
D:3 !   D:6 *[*   D:9 [

Portals:
Bailey: D:10


Innate Abilities, Weirdness & Mutations

You are a venomous arachnid creature.
You have poisonous fangs.
You are tiny and dextrous.
Your spellcasting is less reliable in this form.
Your armour is entirely melded.
You are incapable of wielding weapons or throwing items.
You cannot wear most types of armour.
((You are amphibious.))
You can wear up to eight rings at the same time.
((Your skin changes colour to match your surroundings (Stealth+).))
((Your rubbery body absorbs attacks. (AC +1, EV +1)))
((You are camouflaged near water. (Stealth+)))
((You have tentacles for arms and can constrict up to eight enemies at once.))


Message History

The goblin throws a boomerang.
The boomerang closely misses you.
You turn into a venomous arachnid creature.
The goblin shouts!
A shadow comes into view.
Casting: Spider Form (dangerous; 21% risk of failure)
Confirm with . or Enter, or press ? or * to list all spells.
You miscast Wereblood.
You are very lightly contaminated with residual magic.
Nothing appears to happen.
The goblin throws a boomerang.
The boomerang closely misses you.
You bite the goblin!
You kill the goblin!
Makhleb accepts your kill.
The goblin throws a boomerang.
The boomerang completely misses you.
Casting: Wereblood (safe; 11% risk of failure)
Confirm with . or Enter, or press ? or * to list all spells.
Your blood is infused with primal strength.
The goblin throws a boomerang.
The boomerang hits you but does no damage.
The goblin throws a boomerang.
The boomerang misses you.
The goblin throws a boomerang.
The boomerang closely misses you.
The two-headed ogre hits you with a +0 giant club!
The two-headed ogre completely misses you.
Your magical contamination has completely faded away.
You barely miss the shadow. The shadow closely misses you.
You barely miss the shadow.
The two-headed ogre hits you with a +0 giant club!
The two-headed ogre hits you with a +0 giant spiked club!!
* * * LOW HITPOINT WARNING * * *
The shadow barely misses you.
The shadow slips into darkness.
The shadow flickers and vanishes!
Deactivating autopickup; reactivate with Ctrl-A.
The goblin throws a boomerang.
The boomerang closely misses you.
The goblin throws a boomerang.
There is a stone staircase leading down here.
Your transformation is almost over.
The goblin throws a boomerang.
The shadow strikes at you from the darkness!
You die...

#..............,*,,,*,,*,
#...........O..,*,,,*,,,,
#......(#***,,,,+,,,*****
#......g#,,******,,,**,,,
#.....gg#,,,,,,,,,,,**,,,
#..(....+,,,,,,,,,,,**,,,
#.......#,,######,,,**,,,
#.###.O.####....#,,,**,,,
#.......s....##.#,,,**,,,
#............##.###+##,,,
#................)...+,,,
#...##...............####
#...*#......####....<....
#..,*#..#####,,#.......##
#.,,....#,,,,,,#...#...#
*,,,....*,,,,,,#...#...#
*,,*.!,,*,,,,,,#......)#


You could see a two-headed ogre and 3 goblins.

Vanquished Creatures
  Edmund (D:4)
  An orc warrior (D:6)
  2 ogres (D:7)
  A centaur (D:8)
  A kobold brigand (D:7)
  2 bullfrogs
  5 scorpions
  A wyvern zombie (D:7)
  2 howler monkeys (D:8)
  4 jellies
  A gnoll shaman (D:7)
  4 orc priests
  A bullfrog skeleton (D:6)
  5 hounds
  Ijyb (D:5)
  3 iguanas (D:6)
  7 orc wizards
  8 gnolls
  11 adders
  An adder skeleton (D:4)
  2 worms
  A dart slug (D:2)
  32 orcs
  3 ball pythons
  5 bats
  4 endoplasms
  5 giant cockroaches
  9 goblins
  6 hobgoblins
  6 jackals
  5 frilled lizards
  11 kobolds
  4 rats
155 creatures vanquished.

Notes
Turn   | Place    | Note
-------+----------+-------------------------------------------
     0 | D:1      | PentaManta the Octopode Transmuter began the quest for the
                  | Orb.
     0 | D:1      | Reached XP level 1. HP: 13/13 MP: 3/3
   447 | D:1      | Reached XP level 2. HP: 18/18 MP: 5/5
   835 | D:1      | Learned a level 2 spell: Wereblood
  1136 | D:1      | Found a faded altar of an unknown god.
  1665 | D:2      | Reached XP level 3. HP: 23/23 MP: 3/6
  1820 | D:2      | Reached skill level 3 in Dodging
  1827 | D:2      | Learned a level 3 spell: Spider Form
  2110 | D:2      | Reached skill level 1 in Poison Magic
  2110 | D:2      | Reached XP level 4. HP: 19/28 MP: 7/7
  2643 | D:3      | Found a snail-covered altar of Cheibriados.
  2646 | D:3      | Found a snail-covered altar of Cheibriados.
  2646 | D:3      | Found a broken altar of Ashenzari.
  2681 | D:3      | HP: 1/28 [jackal (3)]
  3029 | D:2      | Reached XP level 5. HP: 33/33 MP: 6/8
  4235 | D:3      | Found Rilon's Distillery.
  4263 | D:3      | Bought a potion of curing for 42 gold pieces
  4416 | D:3      | Reached XP level 6. HP: 35/38 MP: 10/10
  6142 | D:3      | Found a sacrificial altar of Ru.
  6142 | D:3      | Found a bloodstained altar of Trog.
  6142 | D:3      | Found a shimmering altar of Xom.
  6464 | D:4      | Reached XP level 7. HP: 19/43 MP: 9/12
  7513 | D:5      | Entered Level 5 of the Dungeon
  7531 | D:5      | Noticed Ijyb
  7548 | D:5      | Killed Ijyb
  7862 | D:5      | Noticed Edmund
  7947 | D:4      | Killed Edmund
  7948 | D:4      | Reached skill level 4 in Dodging
  8678 | D:6      | Found Vopeyhoih's Hallowed Reliquary.
  8678 | D:6      | Noticed an angel
  8686 | D:6      | Reached XP level 8. HP: 13/51 MP: 12/14
  9381 | D:6      | Found Juaxej's Armour Emporium.
  9390 | D:6      | Reached skill level 5 in Dodging
  9507 | D:6      | Found Zadiwor's General Store.
  9515 | D:6      | Bought a scroll of fear for 35 gold pieces
  9515 | D:6      | Bought a scroll of teleportation for 30 gold pieces
  9659 | D:6      | Reached skill level 5 in Unarmed Combat
  9903 | D:6      | Bought a potion of curing for 36 gold pieces
  9903 | D:6      | Bought a potion of curing for 36 gold pieces
 10850 | D:7      | Found a basalt altar of Yredelemnul.
 10861 | D:7      | Found a staircase to the Ecumenical Temple.
 10881 | Temple   | Entered the Ecumenical Temple
 11078 | Temple   | Became a worshipper of Makhleb the Destroyer
 11152 | D:7      | Reached XP level 9. HP: 58/58 MP: 13/16
 11564 | D:7      | Reached skill level 5 in Transmutations
 11702 | D:7      | Reached skill level 6 in Dodging
 11797 | D:7      | Identified the +8 flail of Infection {vorpal, Int+3 SInv}
 12452 | D:8      | Learned a level 4 spell: Ice Form
 12487 | D:8      | Reached skill level 5 in Spellcasting
 12662 | D:8      | Noticed a two-headed ogre
 12678 | D:8      | Reached skill level 5 in Fighting
 12681 | D:8      | HP: 3/61 [kobold/stone (1)]
 12695 | D:9      | Found Koukhlus's Armour Shop.
 13081 | D:10     | Entered Level 10 of the Dungeon
 13099 | D:10     | Found a flagged portal.
 13101 | D:10     | Noticed a two-headed ogre
 13118 | D:10     | Mangled by a shadow

Illustrated notes

Levels and vault maps discovered:
D:1:      scummos_arrival_simple_fountains, layout_loops_ring,
          basic_ecumenical_altar, wander_ebering_terrifying_dragon_lair
D:2:      layout_basic, minmay_pentomino_pile
D:3:      layout_basic, doesnt_xom_only_xom, serial_shops, shop_fountains,
          kennysheep_pointless_box
D:4:      layout_loops_ring
D:5:      layout_basic, st_stairs_12, uniq_ijyb, uniq_edmund
D:6:      layout_basic, serial_shops, shop, shop, nicolae_good_shop
D:7:      layout_cave_pods, kennysheep_mini_moat, minmay_temple_entry_wispy
D:8:      layout_layer_cave
D:9:      layout_basic, ashenzari_conservatory_becter, serial_shops,
          nicolae_stop_n_shop_1, nicolae_stop_n_shop_2,
          nicolae_shop_behind_doors, uniq_joseph
D:10:     layout_stronghold, grunt_temple_overflow_diamond, enter_bailey_5,
          hangedman_decor_opposing, uniq_erolcha, uniq_harold
Temple:   eino_temple_rhombus

Skill      XL: |  1  2  3  4  5  6  7  8  9 |
---------------+----------------------------+-----
Dodging        | 3 4 5 6 |  6.2
Poison Magic   | 1 2 3 4 |  4.0
Unarmed Combat | 4 5 |  5.5
Spellcasting   | 3 4 5 |  5.0
Transmutations | 3 4 5 |  5.0
Fighting       | 2 4 5 |  5.0

Action                   |  1- 3 |  4- 6 |  7- 9 || total
-------------------------+-------+-------+-------++-------
Melee: Unarmed           |    88 |   148 |   253 ||   489
       Constrict         |    23 |    39 |     8 ||    70
       Punch             |     4 |     7 |     2 ||    13
       Tentacles         |    15 |    16 |     8 ||    39
       Kick              |     6 |    36 |     4 ||    46
Throw: Dart              |     4 |       |       ||     4
 Cast: Beastly Appendage |    11 |    37 |     8 ||    56
       Wereblood         |       |     4 |     7 ||    11
       Spider Form       |       |       |    39 ||    39
Evoke: Wand              |       |       |     1 ||     1
  Use: Scroll            |       |     4 |     5 ||     9
       Potion            |       |     1 |     3 ||     4
 Stab: Sleeping          |     5 |     4 |     3 ||    12
       Paralysed         |       |       |     5 ||     5
Armor: Skin              |    12 |     5 |    15 ||    32
Dodge: Dodged            |    55 |    75 |   252 ||   382

Table legend: (Time is in decaauts)
 A = Elapsed time spent in this place.
 B = Non-inter-level travel time spent in this place.
 C = Inter-level travel time spent in this place.
 D = Time resting spent in this place.
 E = Time spent auto-exploring this place.
 F = Levels seen in this place.
 G = Mean time per level.
                   A        B        C        D        E       F      G
               +--------+--------+--------+--------+--------+-----+--------+
         Total |  13087 |  12693 |    394 |   4075 |   6749 |  11 | 1189.7 |
       Dungeon |  12882 |  12493 |    389 |   4075 |   6572 |  10 | 1288.2 |
        Temple |    204 |    199 |      5 |      0 |    177 |   1 |  204.0 |
               +--------+--------+--------+--------+--------+-----+--------+

Top non-repeatable levels by time:
     D:3: 2627 daAuts
     D:2: 2045 daAuts
     D:6: 1865 daAuts
     D:1: 1588 daAuts
     D:4: 1475 daAuts
     D:7: 1334 daAuts
     D:5: 926 daAuts
     D:8: 598 daAuts
     D:9: 385 daAuts
  Temple: 204 daAuts
    D:10: 36 daAuts
